 Dungeon Crawl Stone Soup version 0.17.1-2-g5865329 (webtiles) character file.

210 Mysteryquy the Firebug (level 5, 0/38 HPs)
             Began as a Demigod Fire Elementalist on Jan 27, 2016.
             Succumbed to a kobold's poison
             ... on level 3 of the Dungeon.
             The game lasted 00:06:48 (3049 turns).

Mysteryquy the Firebug (Demigod Fire Elementalist)  Turns: 3049, Time: 00:06:48

Health: 0/38       AC:  2    Str: 16    XL:     5   Next: 31%
Magic:  0/13       EV: 12    Int: 21    God:
Gold:   170        SH:  0    Dex: 16    Spells: 2 memorised, 6 levels left

rFire  . . .     SeeInvis .     x - +3 dagger (venom)
rCold  . . .     Clarity  .     a - +0 robe
rNeg   . . .     SustAt   +     (no shield)
rPois  .         Gourm    .     (no helmet)
rElec  .         Spirit   .     (no cloak)
rCorr  .         Warding  .     (no gloves)
rMut   .         Stasis   .     (no boots)
MR     .....                    h - amulet of rage
Stlth  ++........               (no ring)
                                (no ring)

@: mighty, lethally poisoned (0 -> -13), not resistant to hostile enchantments,
unstealthy
A: high mp 1, sustain attributes
a: Evoke Berserk Rage


You were on level 3 of the Dungeon.
You were not hungry.

You visited 1 branch of the dungeon, and saw 3 of its levels.
You also visited: Sewer.

You collected 170 gold pieces.

Inventory:

Hand Weapons
 x - a +3 dagger of venom (weapon)
Armour
 a - a +0 robe (worn)
Jewellery
 h - an amulet of rage (around neck)
Wands
 u - a wand of digging (11)
Scrolls
 d - 3 scrolls of enchant weapon {unknown}
 e - 4 scrolls of remove curse {unknown}
 f - 3 scrolls of teleportation {unknown}
 g - 4 scrolls of magic mapping {unknown}
 j - a scroll of noise {unknown}
 l - 3 scrolls of identify {unknown}
 m - 2 scrolls of fog {unknown}
 n - a scroll of amnesia {unknown}
 o - a scroll of blinking {unknown}
 r - a scroll of recharging {unknown}
 s - a scroll of fear {unknown}
 v - 3 scrolls of random uselessness {unknown}
Potions
 i - a potion of lignification {unknown}
 k - a potion of agility {unknown}
 p - a potion of curing {unknown}
 q - 2 potions of might
 t - a potion of heal wounds {unknown}
 w - a potion of magic {unknown}
Books
 b - a book of Flames

   Spells                             Type                      Level
   a - Flame Tongue                   Conjuration/Fire             1
   b - Throw Flame                    Conjuration/Fire             2
   c - Conjure Flame                  Conjuration/Fire             3
   d - Inner Flame                    Hexes/Fire                   3
   e - Sticky Flame                   Conjuration/Fire             4
   f - Fireball                       Conjuration/Fire             5
Comestibles
 c - 2 bread rations


   Skills:
 - Level 2.0 Dodging
 - Level 1.8 Stealth
 - Level 0.1 Unarmed Combat
 + Level 3.4 Spellcasting
 + Level 2.1 Conjurations
 + Level 4.0 Fire Magic


You had 6 spell levels left.
You knew the following spells:

 Your Spells              Type           Power        Failure   Level  Hunger
a - Flame Tongue          Conj/Fire      ###..        4%          1    None
b - Conjure Flame         Conj/Fire      ###.....     14%         3    ###....


Dungeon Overview and Level Annotations

Branches:
Dungeon (3/15)


Innate Abilities, Weirdness & Mutations

You have an increased reservoir of magic (+10% MP).
Your attributes are resistant to harm.


Message History

Press: ? - help, Shift-Dir - straight line, f - hobgoblin
Aim: a hobgoblin, wielding a club The flame tongue hits the hobgoblin.
You kill the hobgoblin!
* * * LOW HITPOINT WARNING * * *
You feel sick.
There is a lethal amount of poison in your body!
Casting: Flame Tongue
Confirm with . or Enter, or press ? or * to list all spells.
You don't have enough magic to cast that spell.
Casting: Flame Tongue
Confirm with . or Enter, or press ? or * to list all spells.
You don't have enough magic to cast that spell.
Casting: Flame Tongue
Confirm with . or Enter, or press ? or * to list all spells.
You don't have enough magic to cast that spell.
Drink which item? (? for menu, Esc to quit)
It was a potion of might.
You feel very mighty all of a sudden.
You die...

###### ## #....# ... #....# ....
##....#########....g
#......#).(.........
+......g).((........
#.....@#...g...g....
##....#########..... #....# ....
#.(..# ...
#############''##################
≈≈≈≈≈≈≈≈≈≈≈.....≈≈≈≈≈≈≈≈≈≈≈≈≈≈≈≈≈
≈≈≈≈≈≈≈≈≈≈≈≈....≈≈≈≈≈≈≈≈≈≈≈≈≈≈≈≈≈
≈≈≈≈≈≈≈≈≈≈≈......≈≈≈≈≈≈≈≈≈≈≈≈≈≈≈≈
≈≈≈≈≈≈.≈≈.≈≈.)..≈.≈≈≈.≈≈≈..≈≈≈≈.≈


You could see a gnoll.

Vanquished Creatures
  Jessica (D:3)
  Terence (D:2)
  4 adders
  4 gnolls
  An ooze (D:1)
  A worm (D:2)
  2 giant geckos (D:3)
  3 orcs (D:3)
  5 ball pythons
  8 giant cockroaches
  8 goblins
  10 hobgoblins
  5 kobolds
  6 bats
  9 giant newts
  2 quokkas
  7 rats
77 creatures vanquished.

Notes
Turn   | Place    | Note
--------------------------------------------------------------
     0 | D:1      | Mysteryquy the Demigod Fire Elementalist began the quest for the Orb.
     0 | D:1      | Reached XP level 1. HP: 14/14 MP: 5/5
   128 | D:1      | Reached skill level 1 in Conjurations
   429 | D:1      | Reached skill level 3 in Fire Magic
   429 | D:1      | Reached XP level 2. HP: 12/20 MP: 0/7
   776 | D:2      | Reached XP level 3. HP: 26/26 MP: 5/8
  1150 | D:2      | Noticed Terence
  1161 | D:2      | Killed Terence
  1161 | D:2      | Reached XP level 4. HP: 29/33 MP: 4/10
  1243 | D:2      | Found a snail-covered altar of Cheibriados.
  1328 | D:2      | Found an opulent altar of Gozag.
  1779 | D:3      | Found a glowing drain.
  1880 | Sewer    | Entered a sewer
  2299 | D:3      | Learned a level 3 spell: Conjure Flame
  2383 | D:3      | Found a shattered altar of Ashenzari.
  2680 | D:3      | Noticed Jessica
  2691 | D:3      | Killed Jessica
  2691 | D:3      | Reached XP level 5. HP: 13/38 MP: 0/12
  3047 | D:3      | Reached skill level 4 in Fire Magic
  3048 | D:3      | HP: 1/38 [poisoned by a kobold]
  3049 | D:3      | Succumbed to a kobold's poison

Action                   |  1- 3 |  4- 6 || total
-------------------------+-------+-------++-------
Melee: Unarmed           |     7 |     4 ||    11
       Dagger            |       |     6 ||     6
 Cast: Flame Tongue      |    45 |    91 ||   136
       Conjure Flame     |       |     2 ||     2
  Use: Potion            |       |     1 ||     1
 Stab: Distracted        |       |     1 ||     1
  Eat: Chunk             |     1 |     6 ||     7
